 Dungeon Crawl Stone Soup version 0.27-a0-291-gd9602db6ee (webtiles) character file.

Game seed: 1318745087950319437

1865 lunkers the Arsonist (level 9, 0/62 HPs)
             Began as a Hill Orc Fire Elementalist on Feb 8, 2021.
             Slain by a killer bee (8 damage)
             ... on level 6 of the Dungeon on Feb 9, 2021.
             The game lasted 00:11:48 (6560 turns).

lunkers the Arsonist (Hill Orc Fire Elementalist)   Turns: 6560, Time: 00:11:49

Health: 0/62       AC:  8    Str: 13    XL:     9   Next: 13%
Magic:  2/15       EV: 12    Int: 18    God:
Gold:   344        SH:  0    Dex: 17    Spells: 3/16 levels left

rFire    . . .     SeeInvis .   b - +1 dagger (venom)
rCold    + . .     Faith    .   (no shield)
rNeg     . . .     Spirit   .   y - +2 leather armour of Jestrohunn {*Drain rPois Str+2}
rPois    +         Reflect  .   (no helmet)
rElec    .         Harm     .   f - +0 cloak
rCorr    .         Rampage  .   e - +0 pair of gloves
Will     .....                  E - +0 pair of boots
Stlth    ++........             (no amulet)
HPRegen  0.20/turn              a - ring of protection from cold
MPRegen  0.14/turn              v - +6 ring of dexterity

@: no status effects
A: no striking features
a: no special abilities


You were on level 6 of the Dungeon.
You visited 1 branch of the dungeon, and saw 6 of its levels.

You collected 344 gold pieces.

Inventory:

Hand Weapons
 b - a +1 dagger of venom (weapon)
Armour
 e - a +0 pair of gloves (worn)
 f - a +0 cloak (worn)
 y - the +2 leather armour of Jestrohunn (worn) {*Drain rPois Str+2}
   (You found it on level 4 of the Dungeon)

   It affects your strength (+2).
   It protects you from poison.
   It causes draining when unequipped.
 E - a +0 pair of boots (worn)
Jewellery
 a - a ring of protection from cold (left hand)
 g - an uncursed amulet of faith
 n - an uncursed ring of wizardry
 s - an uncursed ring of flight
 v - a +6 ring of dexterity (right hand)
 B - an uncursed ring of resist corrosion
Wands
 i - a wand of random effects (13)
 H - a wand of paralysis (5)
Scrolls
 c - a scroll of teleportation {unknown}
 d - 3 scrolls of amnesia
 h - 2 scrolls of fog {unknown}
 l - 3 scrolls of identify {unknown}
 o - 2 scrolls of remove curse
 p - a scroll of magic mapping {unknown}
 r - 2 scrolls of fear {unknown}
 t - 2 scrolls of noise {unknown}
 w - a scroll of enchant weapon {unknown}
 D - 2 scrolls of enchant armour {unknown}
 F - a scroll of immolation {unknown}
Potions
 j - 2 potions of curing
 k - a potion of attraction {unknown}
 m - a potion of brilliance {unknown}
 q - a potion of cancellation {unknown}
 u - a potion of degeneration {unknown}
 x - a potion of berserk rage {unknown}
 z - a potion of haste {unknown}
 A - a potion of magic {unknown}
 C - a potion of flight {unknown}
 G - a potion of lignification {unknown}


   Skills:
 - Level 1.5 Dodging
 - Level 1.5 Stealth
 - Level 4.0 Spellcasting
 * Level 7.4 Conjurations
 * Level 8.8 Fire Magic


You had 3 spell levels left.
You knew the following spells:

 Your Spells              Type           Power        Failure   Level
a - Foxfire               Conj/Fire      100%         1%          1
b - Conjure Flame         Conj/Fire      32%          1%          3
c - Sticky Flame          Conj/Fire      32%          7%          4
d - Fireball              Conj/Fire      16%          19%         5

Your spell library contained the following spells:

 Spells                   Type           Power        Failure   Level
 Inner Flame              Hex/Fire       19%          10%         3
 Animate Skeleton         Necr           6%           19%         1
 Apportation              Tloc           6%           19%         1
 Corona                   Hex            3%           19%         1
 Summon Small Mammal      Summ           12%          19%         1


Dungeon Overview and Level Annotations

Branches:
Dungeon (6/15)
 Temple: D:4-7

Altars:
Cheibriados
Makhleb
Trog
Yredelemnul

Annotations:
D:5 1 transporter, ArcanElement's ghost, amateur HuFi


Message History

You feel sick.
The foxfire hits the killer bee!
You kill the killer bee!
The foxfire hits the killer bee.
The killer bee is lightly wounded.
The killer bee stings you.
* * * LOW HITPOINT WARNING * * *
The killer bee misses you.
It was a potion of curing.
You feel better.
The foxfire hits the killer bee.
The killer bee is heavily wounded.
The foxfire hits the killer bee.
The killer bee is severely wounded.
The killer bee stings you.
* * * LOW HITPOINT WARNING * * *
The killer bee completely misses you.
Casting: Foxfire (safe; 1% risk of failure)
Confirm with . or Enter, or press ? or * to list all spells.
You conjure some foxfire!
* * * LOW MAGIC WARNING * * *
The killer bee barely misses you. The killer bee stings you!
You die...

#......######........
#........##..>.......
#......#.............
#....†.##...#........
#######.###.##.........
##...........##.........
............###.........
......§v....# #.........
.#...§@.##.# #.######..
#....##vy...# .. #....
#........ .... .#####...
.. §. #.. #.. . #.. #..
#..


You could see a killer bee.

Vanquished Creatures
  Sigmund (D:5)
  Duvessa (D:4)
  3 ogres
  A centaur (D:5)
  2 kobold brigands (D:3)
  A bullfrog (D:5)
  Dowan (D:4)
  2 water moccasin skeletons
  A scorpion (D:4)
  6 killer bees
  2 bullfrog zombies (D:6)
  4 hounds
  An orc priest (D:6)
  A bullfrog skeleton (D:4)
  2 iguanas
  4 worker ants
  12 adders
  2 ufetubi
  2 oozes
  2 dart slugs (D:2)
  4 leopard geckos
  7 orcs
  6 giant cockroaches
  8 goblins
  8 hobgoblins
  5 jackals
  2 ball pythons
  10 bats
  3 frilled lizards
  2 gnoll zombies (D:5)
  A jackal skeleton (D:5)
  17 kobolds
  8 rats
132 creatures vanquished.

Vanquished Creatures (others)
  454 foxfires
454 creatures vanquished.

Grand Total: 586 creatures vanquished

Notes
Turn   | Place    | Note
-------+----------+-------------------------------------------
     0 | D:1      | lunkers the Hill Orc Fire Elementalist began the quest for
                  | the Orb.
     0 | D:1      | Reached XP level 1. HP: 14/14 MP: 3/3
   235 | D:1      | Reached XP level 2. HP: 20/20 MP: 1/4
   986 | D:2      | Reached XP level 3. HP: 26/26 MP: 4/6
  1754 | D:2      | Reached skill level 4 in Fire Magic
  2009 | D:3      | Reached XP level 4. HP: 33/33 MP: 4/7
  2902 | D:3      | Upgraded the game from 0.27-a0-287-gd4424db430 to
                  | 0.27-a0-291-gd9602db6ee
  2996 | D:3      | Learned a level 3 spell: Conjure Flame
  3059 | D:3      | Noticed a kobold brigand
  3059 | D:3      | Noticed a kobold brigand
  3071 | D:3      | Killed a kobold brigand
  3072 | D:3      | Reached XP level 5. HP: 34/38 MP: 1/9
  3083 | D:3      | Killed a kobold brigand
  3084 | D:3      | Reached XP level 6. HP: 29/45 MP: 0/10
  3386 | D:4      | Reached skill level 5 in Fire Magic
  4050 | D:4      | Reached XP level 7. HP: 50/50 MP: 4/12
  4219 | D:4      | Noticed Duvessa
  4221 | D:4      | Noticed Dowan
  4231 | D:4      | Killed Duvessa
  4232 | D:4      | Reached skill level 6 in Fire Magic
  4237 | D:4      | Killed Dowan
  4505 | D:4      | Found a snail-covered altar of Cheibriados.
  4505 | D:4      | Found a burning altar of Makhleb.
  4506 | D:4      | Found a bloodstained altar of Trog.
  4594 | D:4      | Reached skill level 5 in Conjurations
  4807 | D:4      | Reached XP level 8. HP: 55/57 MP: 8/13
  4824 | D:4      | Got a warped leather armour
  4835 | D:4      | Identified the +2 leather armour of Jestrohunn {*Drain
                  | rPois Str+2} (You found it on level 4 of the Dungeon)
  5115 | D:5      | Entered Level 5 of the Dungeon
  5364 | D:5      | Noticed Sigmund
  5377 | D:5      | Killed Sigmund
  5378 | D:5      | Reached skill level 7 in Fire Magic
  5440 | D:5      | Learned a level 4 spell: Sticky Flame
  5446 | D:5      | Learned a level 5 spell: Fireball
  5697 | D:5      | Found a transporter.
  5697 | D:5      | Noticed ArcanElement's ghost (amateur HuFi)
  5698 | D:5      | Identified the +3 great mace "Wezokko" {drain, rF++}
  6095 | D:5      | Found a basalt altar of Yredelemnul.
  6236 | D:6      | Reached skill level 8 in Fire Magic
  6503 | D:6      | Reached XP level 9. HP: 62/62 MP: 9/15
  6558 | D:6      | HP: 1/62 [killer bee (6)]
  6560 | D:6      | Slain by a killer bee

Illustrated notes

Levels and vault maps discovered:
D:1:      dpeg_arrival_arbitrary_a, layout_loops_ring
D:2:      layout_basic
D:3:      cheibrodos_thug_alley, layout_basic
D:4:      layout_layer_cave, grunt_temple_overflow_open, uniq_duvessa
D:5:      minmay_evil_eye, layout_basic, lemuel_zombie_altar_yredelemnul,
          gammafunk_ghost_smash, minmay_crystal_room, minmay_misc_feat_room,
          uniq_sigmund
D:6:      layout_rooms, gammafunk_ghost_grave, enter_ossuary_4

Skill      XL: |  1  2  3  4  5  6  7  8 |
---------------+-------------------------+-----
Spellcasting   | 2 3 4 |  4.0
Conjurations   | 2 3 4 5 7 |  7.4
Fire Magic     | 4 5 6 8 |  8.8
Dodging        | |  1.5
Stealth        | |  1.5

Action                   |  1- 3 |  4- 6 |  7- 9 || total
-------------------------+-------+-------+-------++-------
Melee: Dagger            |    53 |    60 |    22 ||   135
 Cast: Foxfire           |    37 |    77 |   150 ||   264
  Use: Scroll            |       |       |     2 ||     2
       Potion            |       |       |     1 ||     1
 Stab: Sleeping          |     4 |       |       ||     4
Armor: Robe              |    26 |    33 |       ||    59
       Leather armour    |       |       |    26 ||    26
Dodge: Dodged            |    63 |    47 |    66 ||   176

Table legend: (Time is in decaauts)
 A = Elapsed time spent in this place.
 B = Non-inter-level travel time spent in this place.
 C = Inter-level travel time spent in this place.
 D = Time resting spent in this place.
 E = Time spent auto-exploring this place.
 F = Levels seen in this place.
 G = Mean time per level.
                   A        B        C        D        E       F      G
               +--------+--------+--------+--------+--------+-----+--------+
         Total |   6558 |   6385 |    173 |     24 |   5297 |   6 | 1093.0 |
       Dungeon |   6558 |   6385 |    173 |     24 |   5297 |   6 | 1093.0 |
               +--------+--------+--------+--------+--------+-----+--------+

Top non-repeatable levels by time:
     D:4: 1735 daAuts
     D:3: 1398 daAuts
     D:5: 1106 daAuts
     D:2: 1010 daAuts
     D:1: 972 daAuts
     D:6: 333 daAuts
